 Dungeon Crawl Stone Soup version 0.28-a0-1348-g050f3537b9 (webtiles) character file.

Game seed: 17081991191198804994

2 Cheeritup the Grave Robber (level 1, -1/14 HPs)
             Began as a Demonspawn Necromancer on Dec 30, 2021.
             Slain by a hobgoblin (2 damage)
             ... on level 1 of the Dungeon.
             The game lasted 00:00:52 (73 turns).

Cheeritup the Grave Robber (Demonspawn Necromancer)   Turns: 73, Time: 00:00:52

Health: -1/14      AC:  2    Str:  8    XL:     1   Next: 33%
Magic:  2/3        EV: 12    Int: 16    God:
Gold:   0          SH:  0    Dex: 13    Spells: 3/4 levels left

rFire   . . .      SeeInvis .   (no weapon)
rCold   . . .      Faith    .   (no shield)
rNeg    . . .      Spirit   .   a - +0 robe
rPois   .          Reflect  .   (no helmet)
rElec   .          Harm     .   (no cloak)
rCorr   .          Rampage  .   (no gloves)
Will    .....                   (no boots)
Stlth   ++........              (no amulet)
HPRegen 0.04/turn               (no ring)
MPRegen 0.08/turn               (no ring)

@: no status effects
A: no striking features
a: no special abilities


You were on level 1 of the Dungeon.
You visited 1 branch of the dungeon, and saw 1 of its levels.

Inventory:

Armour
 a - a +0 robe (worn)


   Skills:
 + Level 0.4 Fighting
 - Level 1.7 Dodging
 - Level 1.7 Stealth
 - Level 2.0 Spellcasting
 + Level 4.4 Necromancy


You had 3 spell levels left.
You knew the following spells:

 Your Spells              Type           Power      Damage    Failure   Level
a - Pain                  Necr           60%        1d7       3%          1

Your spell library contained the following spells:

 Spells                   Type           Power      Damage    Failure   Level
 Animate Skeleton         Necr           30%        N/A       3%          1
 Vampiric Draining        Necr           15%        2d7       10%         3
 Animate Dead             Necr           7%         N/A       32%         4
 Agony                    Necr           15%        N/A       67%         5


Dungeon Overview and Level Annotations

Branches:
Dungeon (1/15)

Altars:


Message History

The bat barely misses you. The bat completely misses you.
The bat barely misses you.
You see here a +0 quarterstaff.
The hobgoblin shouts!
You hit the bat but do no damage.
The bat is severely wounded.
The bat closely misses you. The bat barely misses you.
You miss the bat.
The bat is severely wounded.
The bat hits you. The bat closely misses you. The bat misses you.
You hit the bat but do no damage.
The bat is severely wounded.
The bat hits you but does no damage. The bat barely misses you.
You hit the bat but do no damage.
The bat is heavily wounded.
The bat misses you. The bat hits you. The hobgoblin hits you.
You are too injured to fight recklessly!
You are too injured to fight recklessly!
The bat hits you. The bat closely misses you. The bat barely misses you.
The bat hits you but does no damage. The hobgoblin barely misses you.
You are too injured to fight recklessly!
The bat hits you but does no damage. The hobgoblin hits you.
* * * LOW HITPOINT WARNING * * *
The bat barely misses you.
You are too injured to fight recklessly!
The bat hits you but does no damage.
You are too injured to fight recklessly!
You are too injured to fight recklessly!
The hobgoblin barely misses you. The bat closely misses you.
The hobgoblin misses you.
You are too injured to fight recklessly!
You are too injured to fight recklessly!
The bat closely misses you. The bat closely misses you. The hobgoblin hits you.
You die...

#.#####.# #...#...#
.###.......## .......)..)!##
.......#.....## .
#.....###.....#######..
.....#####............#
.....#.....#...g.#####.# #
....###...###...@.###..###..
..#####.#####b............#
.#...........#.....#.......
#....<....###.....#.##..#
##.......#####..........#
....#.....#.....#...†.###.#
... ##...###...###........#
#.#####.#####.#####.#######
....................#


You could see a hobgoblin and a bat.

Vanquished Creatures
  A giant cockroach (D:1)
  A goblin (D:1)
2 creatures vanquished.

Notes
Turn   | Place    | Note
-------+----------+-------------------------------------------
     0 | D:1      | Cheeritup the Demonspawn Necromancer began the quest for
                  | the Orb.
     0 | D:1      | Reached XP level 1. HP: 13/13 MP: 3/3
    73 | D:1      | Slain by a hobgoblin

Illustrated notes

Levels and vault maps discovered:
D:1:      onia_arrival_pyramid, layout_loops_ring,
          shapermc_ecumenical_altar_starsandcircs

Action                   || total
-------------------------++-------
Melee: Unarmed           ||     6
 Cast: Pain              ||     4
Armor: Robe              ||     7
Dodge: Dodged            ||    21

Table legend: (Time is in decaauts)
 A = Elapsed time spent in this place.
 B = Non-inter-level travel time spent in this place.
 C = Inter-level travel time spent in this place.
 D = Time resting spent in this place.
 E = Time spent auto-exploring this place.
 F = Levels seen in this place.
 G = Mean time per level.
                   A        B        C        D        E       F      G
               +--------+--------+--------+--------+--------+-----+--------+
         Total |     73 |     73 |      0 |      0 |      0 |   1 |   73.0 |
       Dungeon |     73 |     73 |      0 |      0 |      0 |   1 |   73.0 |
               +--------+--------+--------+--------+--------+-----+--------+

Top non-repeatable levels by time:
     D:1: 73 daAuts
